AoeStats
← gcsamjw

Nomad

510645884Analyzed
3v3 RM · 2d ago on Oct 2, 2026· 46m 53s· 6 players
Game mode
Random Map
Map size
210×210
Population
200
Speed
Normal
Resources
Standard
Victory
Conquest
Starting age
Dark Age
Ending age
Imperial Age
RankedLock teamsTeams togetherTeam positionsShared explorationLock speedFull tech treeHidden civsTurbo modeCheats
Victory
Defeat
🇺🇸 Ethiopians · United States
1009
+13
🇺🇸 Bohemians · United States
903
+17
🇬🇧 Japanese · United Kingdom
858
+19
🇺🇸 Hindustanis · United States
948
-17
🇺🇸 Sicilians · United States
933
-16
🇺🇸 Poles · United States
928
-16
ConfusedVillager
14:52 Loom
18:22 Feudal Age
18:44 Horse Collar
18:50 Double-Bit Axe
20:48 Bloodlines
21:47 Forging
22:13 Scale Barding Armor
27:21 Castle Age
29:01 Wheelbarrow
28:11 Town Watch
28:47 Bow Saw
28:47 Heavy Plow
29:24 Iron Casting
28:17 Light Cavalry
28:58 Husbandry
29:20 Chain Barding Armor
36:24 Gold Mining
36:25 Stone Mining
37:39 Stone Mining
40:01 Padded Archer Armor
39:51 Fletching
41:10 Bodkin Arrow
42:37 Ballistics
42:15 Murder Holes
42:41 Ballistics
44:58 Hand Cart
44:43 Town Patrol
48:58 Imperial Age
Dysfunctionus
16:43 Feudal Age
19:59 Horse Collar
20:06 Double-Bit Axe
44:35 Castle Age
44:42 Castle Age
43:55 Scale Mail Armor
44:06 Forging
45:02 Pikeman
45:15 Elite Skirmisher
46:30 Bow Saw
46:21 Gold Mining
jdhallstar
15:18 Feudal Age
13:39 Loom
15:44 Horse Collar
24:54 Castle Age
23:51 Bloodlines
24:00 Forging
24:37 Scale Barding Armor
26:41 Iron Casting
26:44 Chain Barding Armor
27:32 Husbandry
30:30 Light Cavalry
44:38 Imperial Age
44:00 Heavy Plow
44:27 Double-Bit Axe
48:09 Imperial Age
gcsamjw
5:15 Loom
14:24 Feudal Age
15:40 Double-Bit Axe
17:42 Wheelbarrow
18:05 Fletching
21:14 Castle Age
22:59 Crossbowman
23:36 Bodkin Arrow
26:03 Horse Collar
29:18 Thumb Ring
29:15 Heated Shot
29:49 Ballistics
34:38 Imperial Age
33:07 Wheelbarrow
32:56 Bow Saw
35:21 Hand Cart
34:42 Arbalester
37:30 Chemistry
38:39 Bracer
41:21 Town Watch
43:41 Padded Archer Armor
45:02 Conscription
47:32 Leather Archer Armor
kz
15:02 Feudal Age
15:55 Double-Bit Axe
15:54 Horse Collar
16:41 Fishing Lines
18:32 Arson
22:29 Castle Age
24:35 Bow Saw
25:08 Gillnets
33:25 Chemistry
34:14 Ballistics
34:11 Forging
34:06 Scale Barding Armor
34:02 Scale Mail Armor
34:03 Padded Archer Armor
33:53 Fletching
36:38 Imperial Age
37:48 Houfnice
38:37 Hussite Reforms
40:34 Wheelbarrow
39:44 Town Watch
40:20 Elite Hussite Wagon
42:30 Two-Man Saw
41:32 Heavy Plow
42:44 Hand Cart
42:30 Town Patrol
45:46 Chain Barding Armor
46:02 Iron Casting
45:43 Chain Mail Armor
45:43 Leather Archer Armor
45:24 Bodkin Arrow
45:41 Murder Holes
45:54 Siege Engineers
46:03 Masonry
Paul Chuckle
5:04 Loom
13:56 Feudal Age
14:28 Double-Bit Axe
14:24 Horse Collar
14:32 Fishing Lines
22:20 Castle Age
20:44 Stone Mining
20:37 Horse Collar
21:59 Wheelbarrow
21:26 Fletching
21:45 Gold Mining
22:37 Padded Archer Armor
22:26 Town Watch
23:22 Bow Saw
23:17 Gillnets
23:43 Bodkin Arrow
31:03 Imperial Age
28:33 Murder Holes
28:51 Clinker Construction
29:38 Gold Shaft Mining
32:18 Forging
32:08 Scale Mail Armor
31:41 Capped Ram
33:21 Careening
33:55 Conscription
33:39 Yasama
34:06 Carvel Hull
33:43 Murder Holes
34:02 Pikeman
34:52 Treadmill Crane
35:50 Hand Cart
37:47 Two-Man Saw
37:16 Chain Mail Armor
37:28 Heavy Plow
39:45 Medium Warships
39:39 Guard Tower
40:11 Dry Dock
39:22 Halberdier
40:10 Squires
40:27 Bracer
41:06 Yasama
41:51 Ballistics
44:34 Keep
45:08 Iron Casting
45:04 Plate Mail Armor
44:49 Leather Archer Armor
44:53 Masonry
44:30 Arrowslits
Connection lost

Rejoining the realm…

Still unreachable

The connection could not be restored.

Session expired

The server has moved on; the page needs a fresh start.